Unix NetHack Version 3.7.0-89 Work-in-progress - last build Sep 8 2023 01:29:47 (8494bff02b67719303c47e298deaa89034127798,branch:master). Game began 2023-09-19 13:26:38, ended 2023-09-20 21:46:38. ranchyang96, neutral male human Tourist --------------------------------------- --- --- |.....................................|--------.---- ---.--- |.-----------#------------#----------.|..|.........-- |.....| |.|.................................#......----.....| ---- |....-- |.|.-------------.-------.---------.|.-..--- ----..| |..-- |..--- |.|.|...|...|...|.|.....|`|..|....|.|....| ---- |...| |..-- |.|.|...|*./|...+.|.._*.|.+..|....|.|....-- ----- --...| |...-- |.|.|..`|...|...|.|.....|.|..|....|.|.....---...-- ---...-| --.-..----- |.|.|...|...|----.|.....|.------+--.|............|--......-- |...-<.[..| |.|.--.---|--.....--...--...f.......|............--........| --....|...[| |.|...d..........{(.......{a@..`....|...........-.`.......-- |....---.).--- |.|.--.---+--......`.........[`.)...|.............--.>....| --....| ---)[.| |.|.|...|...--+--..`...-----.---.--.|.......----------..--- |...--- ---.---|.|.|..........`|......|..|...|...|.#.....--- |..| |..-- |..[.|.#.|...|...|...|......-..|....//.|.|..---- ---- |..| ----...|.|...|...|...|......|..|/..|..`|.|.-- |..-- ---.....-------------......------------.|.| |...| --.....|.................................|.| |...| |......----------------#------------------.| --.-- --.---...........................*.)*.*....| --- --- --------------------------------------- Ranchyang96 the Excursionist St:13 Dx:9 Co:17 In:14 Wi:9 Ch:18 Neutral S:2492 Dlvl:8 $:202 HP:0(43) Pw:24(24) AC:0 Xp:6/518 T:7673 Overtaxed Latest messages: N - 3 uncursed runed daggers (wielded). d - an uncursed pick-axe (alternate weapon; not wielded). You stop. Your large cat is in the way! It bites Athosuhai of Ugorairuk. Athosuhai of Ugorairuk swings his curved sword at it. Athosuhai of Ugorairuk misses it. The large cat bites Athosuhai of Ugorairuk. Athosuhai of Ugorairuk swings his curved sword at the large cat. Athosuhai of Ugorairuk misses the large cat. You kill Athosuhai of Ugorairuk! Autopickup: ON, for $"?+!=/ objects, with one exception. You have a little trouble lifting a cloudy potion. Continue? [ynq] (q) y You have a little trouble lifting u - a cloudy potion. Your movements are slowed slightly because of your load. An orcish dagger misses you. What do you want to drop? [$a-fhj-rtuwyzDFHNPUW-Z or ?*] d You drop an uncursed pick-axe. Your movements are now unencumbered. Pick an object. o an orc (Uruk-hai called Uthos-aigor of Ugorairuk) You hit Uthos-aigor of Ugorairuk. Uthos-aigor of Ugorairuk hits! What do you want to use or apply? [j-lqrtwyDFP or ?*] t In what direction? b Status of Uthos-aigor of Ugorairuk (chaotic, medium): Level 4 HP 16(18) AC 5. You hit Uthos-aigor of Ugorairuk! You hit Uthos-aigor of Ugorairuk! Uthos-aigor of Ugorairuk misses! You hit Uthos-aigor of Ugorairuk. Uthos-aigor of Ugorairuk hits! What do you want to use or apply? [j-lqrtwyDFP or ?*] t In what direction? b Status of Uthos-aigor of Ugorairuk (chaotic, medium): Level 4 HP 3(18) AC 5. You kill Uthos-aigor of Ugorairuk! The large cat picks up an uncursed pick-axe. There are several objects here. You have extreme difficulty lifting an Uruk-hai corpse named Uthos-aigor of Ugorairuk. Continue? [ynq] (q) y v - an Uruk-hai corpse named Uthos-aigor of Ugorairuk. You can barely move a handspan with this load! The large cat picks up an iron skull cap. The large cat misses the giant beetle. The giant beetle bites! The large cat misses the giant beetle. The giant beetle bites! You die... Do you want your possessions identified? [ynq] (y) y Do you want to see your attributes? [ynq] (y) y Do you want an account of creatures vanquished? [ynaq] (y) y Do you want to see your conduct and achievements? [ynq] (y) y Do you want to see the dungeon overview? [ynq] (y) y Inventory: Coins $ - 202 gold pieces Weapons a - 10 +2 darts (at the ready) f - a blessed +0 dagger N - 3 +0 elven daggers (wielded) Armor Z - an uncursed +0 orcish helm (being worn) b - an uncursed +0 pair of iron shoes (being worn) U - an uncursed +0 pair of levitation boots Y - an uncursed +0 dwarvish roundshield (being worn) n - an uncursed +0 dwarvish cloak (being worn) m - an uncursed +0 Hawaiian shirt with a sea turtle motif named speed/cold (being worn) H - an uncursed +0 chain mail (being worn) Comestibles o - an uncursed clove of garlic e - an uncursed food ration z - an uncursed lembas wafer v - an uncursed Uruk-hai corpse named Uthos-aigor of Ugorairuk Scrolls W - a blessed scroll of remove curse Potions h - an uncursed potion of extra healing u - an uncursed potion of healing X - an uncursed potion of monster detection Rings c - an uncursed ring of conflict Wands y - a wand of light (0:11) r - a wand of make invisible (0:4) D - a wand of polymorph (0:7) F - a wand of sleep (0:2) q - a wand of striking (0:4) Tools k - an uncursed credit card w - an expensive camera (0:73) j - an uncursed magic whistle t - an uncursed stethoscope l - an uncursed tallow candle P - an uncursed towel Gems/Stones p - 3 uncursed worthless pieces of yellowish brown glass Ranchyang96 the Tourist's attributes: Background: You were an Excursionist, a level 6 male human Tourist. You were neutral, on a mission for The Lady who was opposed by Blind Io (lawful) and Offler (chaotic). You were in the Gnomish Mines, on level 8. You entered the dungeon 7673 turns ago. You had 518 experience points, 122 more were needed to attain level 7. Your score was 2492 before end-of-game adjustments. Basics: You had 0 out of 43 hit points. You had all 24 energy points (spell power). Your armor class was 0. Your wallet contained 202 zorkmids. Autopickup was on for '$"?+!=/' plus thrown, with exceptions. Final Characteristics: Your strength was 13 (limit:18/100). Your dexterity was 9 (limit:18). Your constitution was 17 (limit:18). Your intelligence was 14 (limit:18). Your wisdom was 9 (limit:18). Your charisma was 18 (limit:18). Final Status: You were not hungry. You were overtaxed; movement was extremely slowed. You were wielding daggers. You were skilled in dagger. Final Attributes: You were piously aligned. You were cold resistant. You were warded. You were lucky. You are dead. Miscellaneous: You disabled loading of bones levels. Total elapsed playing time was 3 hours, 42 minutes and 36 seconds. Major events: Turn 1: ranchyang96 the neutral male human Tourist entered the dungeon 648: attained the rank of Sightseer (level 3) 1334: entered the Gnomish Mines 3554: reached Mine Town 5125: entered Sokoban 6472: attained the rank of Excursionist (level 6) 7673: killed by a giant beetle Vanquished creatures: a warhorse 4 wolves 4 orc-captains a giant spider a gnome ruler a yeti a blue jelly a gnome mummy 3 human zombies 3 Woodland-elves a bugbear a water nymph a mountain nymph 2 Uruk-hai 4 orc shamans 2 rock piercers a rock mole a pony a fog cloud a yellow light 9 gnome leaders 2 kobold mummies a guardian naga hatchling a gray ooze 2 elf zombies a paper golem 5 giant ants a little dog 2 floating eyes 7 dwarves a kobold leader a kobold shaman 17 hill orcs a rothe a rabid rat 3 centipedes 2 orc zombies a dwarf zombie 2 wererats 6 iguanas 2 acid blobs 4 coyotes 3 gas spores 4 hobbits a large kobold 2 giant rats a brown mold 3 yellow molds 2 green molds 26 gnomes a garter snake 3 geckos 4 kobolds 6 goblins 3 sewer rats 2 grid bugs 5 bats 3 lichens a kobold zombie 8 newts 185 creatures vanquished. No species were genocided or became extinct. Voluntary challenges: You read items or engraved 54 times. You engraved Elbereth 25 times. You never genocided any monsters. You never polymorphed an object. You never changed form. You used no wishes. You did not violate any of the special Sokoban rules. Achievements: You entered a shop. You attained the rank of Sightseer. You entered the Gnomish Mines. You entered Minetown. You entered Sokoban. You attained the rank of Excursionist. The Dungeons of Doom: levels 1 to 9 Level 1: A fountain, a sink. Level 2: "stash" A general store, a fountain. Level 3: A scroll shop, a fountain. Level 4: "DungeonRight" An altar to The Lady. Stairs down to The Gnomish Mines. Level 5: Level 6: "vault" A fountain. Level 7: Many fountains. Level 8: "vault" A fountain. Stairs up to Sokoban, level 7. Level 9: The Gnomish Mines: levels 5 to 9 Level 5: "Dark" Level 6: Level 7: Level 8: "orctown" <- You were here. An altar to The Lady, some fountains. Final resting place for you, killed by a giant beetle. Level 9: "bright" Sokoban: Level 7: "stash" Unsolved. Game over: ---------- / \ / REST \ / IN \ / PEACE \ / \ | ranchyang96 | | 202 Au | | killed by a | | giant beetle | | | | | | 2023 | *| * * * | * _________)/\\_//(\/(/\)/\//\/|_)_______ Aloha ranchyang96 the Tourist... You died in The Gnomish Mines on dungeon level 8 with 2492 points, and 202 pieces of gold, after 7673 moves. You were level 6 with a maximum of 43 hit points when you died.